 Dungeon Crawl Stone Soup version 0.19-b1-4-gd8a0a2a (webtiles) character file.

81 vev the Sneak (level 4, -1/22 HPs)
             Began as a Spriggan Conjurer on Oct 30, 2016.
             Killed from afar by an orc wizard (2 damage)
             ... with a magic dart
             ... on level 3 of the Dungeon.
             The game lasted 00:03:41 (1858 turns).

vev the Sneak (Spriggan Conjurer)                   Turns: 1858, Time: 00:03:42

Health: -1/22      AC:  4    Str: 12    XL:     4   Next: 19%
Magic:  9/9        EV: 14    Int: 16    God:
Gold:   102        SH:  0    Dex: 18    Spells: 1 memorised, 8 levels left

rFire  + + .     SeeInvis +     n - +5 dagger
rCold  x . .     Gourm    .     m - +0 fire dragon scales
rNeg   . . .     Faith    .     (shield restricted)
rPois  .         Spirit   .     (helmet restricted)
rElec  .         Reflect  .     (no cloak)
rCorr  .         Harm     +     (gloves unavailable)
MR     .....                    (boots unavailable)
Stlth  +.........               i - amulet of harm
                                (no ring)
                                (no ring)

@: mighty, very quick
A: unfitting armour, see invisible, agile 1, deformed body, herbivore 3, speed
3, slow metabolism 2, strong 1
a: no special abilities


You were on level 3 of the Dungeon.
You were not hungry.

You visited 1 branch of the dungeon, and saw 3 of its levels.

You collected 102 gold pieces.

Inventory:

Hand Weapons
 d - a +0 short sword
 n - a +5 dagger (weapon)
Armour
 a - a +0 robe
 m - +0 fire dragon scales (worn)
Jewellery
 i - an amulet of harm (around neck)
Wands
 o - a wand of lightning (5/15)
 q - a wand of iceblast (10/15)
Scrolls
 h - a scroll of noise {unknown}
 k - 2 scrolls of amnesia {unknown}
 p - a scroll of blinking {unknown}
 t - a scroll of enchant weapon {unknown}
Potions
 e - a potion of magic {unknown}
 g - 2 potions of might
 l - a potion of cancellation {unknown}
 r - a potion of mutation
 s - a potion of degeneration {unknown}
 u - a potion of curing {unknown}
Books
 b - a book of Conjurations

   Spells                             Type                      Level
   a - Magic Dart                     Conjuration                  1
   b - Searing Ray                    Conjuration                  2
   c - Dazzling Spray                 Conjuration/Hexes            3
   d - Fulminant Prism                Conjuration/Hexes            4
   e - Iskenderun's Mystic Blast      Conjuration                  4
   f - Iskenderun's Battlesphere      Conjuration/Charms           5
Comestibles
 c - 3 bread rations
 f - a slice of pizza
 j - a royal jelly


   Skills:
 + Level 1.2 Fighting
 * Level 2.4 Short Blades
 * Level 1.1 Armour
 - Level 3.0 Dodging
 - Level 3.3 Stealth
 - Level 3.1 Spellcasting
 - Level 2.9 Conjurations


You had 8 spell levels left.
You knew the following spells:

 Your Spells              Type           Power        Failure   Level  Hunger
a - Magic Dart            Conj           ##..         45%         1    None


Dungeon Overview and Level Annotations

Branches:
Dungeon (3/15)

Altars:
Kikubaaqudgha
Yredelemnul


Innate Abilities, Weirdness & Mutations

You are very small and have problems with some larger weapons.
You are too small for most types of armour.
You have supernaturally acute eyesight. (SInv)
You are a herbivore.
You cover ground extremely quickly.
You need consume almost no food.
You are agile. (Dex +2)
Armour fits poorly on your strangely shaped body.
Your muscles are strong. (Str +2)


Message History

The orc wizard dies!
Your Armour skill increases to level 1!
You have reached level 4!
You hit the orc wizard.
The orc wizard is moderately wounded.
The orc wizard casts a spell at you. The magic dart hits you!
* * * LOW HITPOINT WARNING * * *
It was a potion of might.
You feel very mighty all of a sudden.
The orc wizard casts a spell.
The orc wizard flickers and vanishes for a moment.
The orc wizard hits you with a dagger.
* * * LOW HITPOINT WARNING * * *
It was a potion of mutation.
You feel extremely strange.
You feel stronger.
You feel agile.
Your body twists and deforms.
The orc wizard points at you and mumbles some strange words.
The magic dart hits you!
You die...

### #######.#
#)......#
#.#####.# #.#
#.# #.#####.#
######@#...#.#
#....#o#.#.#.#
#..o#<#...#
#...o##########
#... #.. #. #


You could see 2 orc wizards.

Vanquished Creatures
  2 adders (D:2)
  A worm (D:2)
  An orc (D:3)
  2 ball pythons (D:2)
  A giant cockroach (D:2)
  3 goblins
  6 hobgoblins
  4 bats
  4 frilled lizards
  3 kobolds
  15 rats
42 creatures vanquished.

Vanquished Creatures (others)
  An orc wizard (D:3)
1 creature vanquished.

Grand Total: 43 creatures vanquished

Notes
Turn   | Place    | Note
-------+----------+-------------------------------------------
     0 | D:1      | vev the Spriggan Conjurer began the quest for the Orb.
     0 | D:1      | Reached XP level 1. HP: 9/9 MP: 5/5
   179 | D:1      | Reached skill level 3 in Spellcasting
   301 | D:1      | Reached skill level 1 in Short Blades
   328 | D:1      | Reached XP level 2. HP: 13/13 MP: 2/7
   873 | D:2      | Reached XP level 3. HP: 15/17 MP: 8/8
  1180 | D:2      | Found an ancient bone altar of Kikubaaqudgha.
  1357 | D:2      | Reached skill level 2 in Short Blades
  1422 | D:2      | Found a basalt altar of Yredelemnul.
  1645 | D:2      | Reached skill level 1 in Fighting
  1855 | D:3      | Reached skill level 1 in Armour
  1855 | D:3      | Reached XP level 4. HP: 7/22 MP: 9/9
  1857 | D:3      | HP: 1/22 [orc wizard/dagger (3)]
  1858 | D:3      | Gained mutation: Your muscles are strong. (Str +2) [potion of mutation]
  1858 | D:3      | Gained mutation: You are agile. (Dex +2) [potion of mutation]
  1858 | D:3      | Gained mutation: Armour fits poorly on your strangely shaped body. [potion of mutation]
  1858 | D:3      | Killed from afar by an orc wizard

Skill      XL: |  1  2  3 |
---------------+----------+-----
Spellcasting   | 3 |  3.1
Short Blades   | 1 2 |  2.4
Fighting       | 1 |  1.2
Armour         | 1 |  1.1
Dodging        | |  3.0
Stealth        | |  3.3
Conjurations   | |  2.9

Action                   |  1- 3 |  4- 6 || total
-------------------------+-------+-------++-------
Melee: Short sword       |    27 |       ||    27
       Dagger            |    99 |     1 ||   100
 Cast: Magic Dart        |     7 |       ||     7
  Use: Potion            |       |     2 ||     2
 Stab: Sleeping          |     6 |       ||     6
Armor: Robe              |     4 |       ||     4
       Fire dragon scale |    23 |       ||    23
Dodge: Dodged            |    49 |       ||    49
